 Dungeon Crawl Stone Soup version 0.29.0-4-gdea44cf6ec (webtiles) character file.

Game seed: 2406683905136597566

259 qw the Chopper (level 6, -1/35 HPs)
             Began as a Tengu Warper on Aug 28, 2022.
             Slain by a killer bee (7 damage)
             ... on level 4 of the Dungeon.
             The game lasted 00:00:24 (3724 turns).

qw the Chopper (Tengu Warper)                       Turns: 3724, Time: 00:00:25

Health: -1/35      AC:  9    Str: 13    XL:     6   Next: 17%
Magic:  10/10      EV: 11    Int: 13    God:
Gold:   163        SH:  0    Dex: 14    Spells: 9/9 levels left

rFire   . . .      SeeInvis .   Y - +2 hand axe
rCold   . . .      Faith    .   (no shield)
rNeg    . . .      Spirit   .   c - +0 scale mail
rPois   .          Reflect  .   (helmet restricted)
rElec   .          Harm     .   (no cloak)
rCorr   .          Rampage  .   k - +2 pair of gloves
Will    .....                   (boots unavailable)
Stlth   ..........              f - amulet of the acrobat
HPRegen 0.11/turn               (no ring)
MPRegen 0.12/turn               (no ring)

@: lethally poisoned (-1 -> -8), flying quickly and evasively, quick
A: beak, talons 3, nimble flight
a: no special abilities


You were on level 4 of the Dungeon.
You visited 1 branch of the dungeon, and saw 5 of its levels.

You collected 163 gold pieces.


Innate Abilities, Weirdness & Mutations

You have a beak for a mouth.
You have claws for feet.
Your magical nature lets you fly swiftly and evasively.


   Skills:
 - Level 2.0 Fighting
 + Level 6.9 Axes
 - Level 1.0 Throwing
 - Level 1.1 Armour
 - Level 2.1 Dodging
 - Level 2.0 Spellcasting
 - Level 2.4 Translocations


You had 9 spell levels left.
You didn't know any spells.
Your spell library contained the following spells:

 Spells                   Type           Power      Damage    Failure   Level
 Blink                    Tloc           14%        N/A       56%         2
 Gell's Gravitas          Tloc           7%         N/A       80%         3
 Lesser Beckoning         Tloc           7%         N/A       80%         3
 Teleport Other           Tloc           7%         N/A       80%         3
 Manifold Assault         Tloc           7%         N/A       100%        5

Inventory:

Hand Weapons
 j - a +0 morningstar
 Y - a +2 hand axe (weapon)
Missiles
 h - 4 javelins (quivered)
Armour
 c - a +0 scale mail (worn)
 k - a +2 pair of gloves (worn)
Jewellery
 f - an amulet of the acrobat (around neck)
Scrolls
 a - a scroll of identify
Potions
 b - a potion of curing
 d - 2 potions of haste
 m - a potion of cancellation {unknown}
 n - a potion of might {unknown}

Dungeon Overview and Level Annotations

Branches:
Dungeon (5/15)
 Temple: D:4-7

Altars:
Qazlal

Annotations:
D:4 3 runed translucent doors, qw's ghost, amateur TeWr


Message History

The killer bee poisons you!
The killer bee stings you but does no damage.
The killer bee stings you.
You are more poisoned.
The killer bee poisons you!
The killer bee stings you but does no damage.
The killer bee closely misses you.
The killer bee stings you but does no damage.
You fly upwards.
Level annotation: 3 runed translucent doors, qw's ghost, amateur TeWr You feel extremely sick.
There is a stone staircase leading down here.
You hit the killer bee. Your kick misses the killer bee.
Your peck misses the killer bee.
The killer bee is moderately wounded.
You hit the killer bee.
You hit the killer bee but do no damage.
You feel very sick. The killer bee barely misses you.
The killer bee stings you but does no damage.
The killer bee barely misses you. x2; The killer bee stings you.
The killer bee barely misses you.
You miss the killer bee. You claw the killer bee. You peck the killer bee.
The killer bee is almost dead.
You hit the killer bee. You closely miss the killer bee.
You feel very sick.
The killer bee stings you but does no damage. x3
The killer bee closely misses you.
The killer bee stings you but does no damage.
The killer bee stings you.
You miss the killer bee. Your kick misses the killer bee.
Your peck misses the killer bee.
The killer bee is almost dead.
You miss the killer bee. You barely miss the killer bee.
You feel sick. The killer bee barely misses you.
The killer bee stings you but does no damage.
The killer bee completely misses you. The killer bee stings you.
The killer bee stings you but does no damage.
The killer bee stings you!
You die...

## _[....8###########
.......#......##.##
8..#8#.##...#.#.#.##
...###.#.......###.###
###..o.#......## ##..#
.o.Wooo#.......###.#.# ########7
++######.....<.y#y##.# ##.....#~7
..!....8.......#@###.###..7~..7~~
...............y####.##..7PP.....
.##).###................7~~~~.~~P
...)...........#####.##7~~~~~.~P~
####.#####..##.# ##.#7~~~~~~.~P~
.....## #..##.# #..7~~~~~~~.~~P
......####..##.# #.7P~~~~~~~.~~7
##..........##.####.77~~~~~~~)~~7
#..........##.#....77~P~~~~~.~P7


You could see 3 killer bees.

Vanquished Creatures
  A gnoll bouda (D:4)
  7 gnolls (D:4)
  7 adders
  3 worms
  A dart slug (D:3)
  6 orcs
  3 ball pythons
  3 bats
  9 endoplasms
  4 giant cockroaches
  7 goblins
  9 hobgoblins
  5 jackals (D:1)
  3 kobolds
  4 quokkas
  6 frilled lizards
  4 rats
82 creatures vanquished.

Vanquished Creatures (others)
  2 plants (D:4)
2 creatures vanquished.

Grand Total: 84 creatures vanquished

Notes
Turn   | Place    | Note
-------+----------+-------------------------------------------
     0 | D:1      | qw the Tengu Warper began the quest for the Orb.
     0 | D:1      | Reached XP level 1. HP: 12/12 MP: 4/4
     0 | D:1      | 0 ||| qw: Version: 0.1-a-89-g26bdef1
     0 | D:1      | 0 ||| qw: Game counter: 2359
     0 | D:1      | 0 ||| qw: Always use a shield: true
     0 | D:1      | 0 ||| qw: God list: Okawaru
     0 | D:1      | 0 ||| qw: Allow faded altars: false
     0 | D:1      | 0 ||| qw: Do Orc after D:15 true
     0 | D:1      | 0 ||| qw: Do second Lair branch before Depths: true
     0 | D:1      | 0 ||| qw: Lair rune preference: random
     0 | D:1      | 0 ||| qw: Plans: Normal
     0 | D:1      | 0 ||| PLANNING D:1-11
    48 | D:1      | 48 ||| Stepping ~*~*~tactically~*~*~ (stealth).
    97 | D:1      | Reached skill level 3 in Axes
    97 | D:1      | Reached XP level 2. HP: 16/17 MP: 6/6
   146 | D:1      | 146 ||| Stepping ~*~*~tactically~*~*~ (stealth).
   332 | D:1      | HP: 3/17 [jackal (2)]
   744 | D:1      | Reached XP level 3. HP: 21/21 MP: 7/7
   780 | D:1      | Found a faded altar of an unknown god.
  1103 | D:1      | 1103 ||| UPGRADING to +2 pair of gloves.
  1108 | D:1      | 1108 ||| READING 3 scrolls labelled NOL ZUUMUYQEA.
  1109 | D:1      | 1109 ||| READING scroll labelled ASKUSYC ANUREA.
  1112 | D:1      | 1112 ||| READING scroll labelled GUWIW SENEGIL.
  1113 | D:1      | 1113 ||| READING scroll labelled FAFUASS MEREUNG.
  1214 | D:1      | 1214 ||| READING scroll labelled HENULECLATT.
  1215 | D:1      | 1215 ||| READING 2 scrolls of identify.
  1215 | D:1      | 1215 ||| IDENTIFYING fizzy grey potion
  1216 | D:1      | 1216 ||| DROPPING scroll of blinking.
  1275 | D:2      | 1275 ||| Stepping ~*~*~tactically~*~*~ (stealth).
  1276 | D:2      | 1276 ||| Stepping ~*~*~tactically~*~*~ (stealth).
  1290 | D:2      | Reached skill level 4 in Axes
  1331 | D:2      | 1331 ||| Stepping ~*~*~tactically~*~*~ (stealth).
  1332 | D:2      | 1332 ||| Stepping ~*~*~tactically~*~*~ (stealth).
  1419 | D:2      | 1419 ||| Stepping ~*~*~tactically~*~*~ (stealth).
  1420 | D:2      | 1420 ||| Stepping ~*~*~tactically~*~*~ (stealth).
  1424 | D:2      | 1424 ||| Stepping ~*~*~tactically~*~*~ (stealth).
  1463 | D:2      | 1463 ||| Stepping ~*~*~tactically~*~*~ (stealth).
  1464 | D:2      | 1464 ||| Stepping ~*~*~tactically~*~*~ (stealth).
  1466 | D:2      | 1466 ||| Stepping ~*~*~tactically~*~*~ (hiding).
  1746 | D:2      | 1746 ||| UPGRADING to +0 ring mail.
  1756 | D:2      | 1756 ||| DROPPING +0 leather armour.
  1757 | D:2      | 1757 ||| READING 2 scrolls of identify.
  1757 | D:2      | 1757 ||| IDENTIFYING fuming green potion
  1758 | D:2      | 1758 ||| DROPPING potion of attraction.
  1817 | D:2      | 1817 ||| READING 2 scrolls of teleportation.
  1818 | D:2      | 1818 ||| STAIRDANCE
  1863 | D:3      | 1863 ||| STAIRDANCE
  1869 | D:3      | 1869 ||| STAIRDANCE
  1972 | D:3      | Reached XP level 4. HP: 26/26 MP: 8/8
  1994 | D:3      | 1994 ||| Stepping ~*~*~tactically~*~*~ (stealth).
  1999 | D:3      | 1999 ||| Stepping ~*~*~tactically~*~*~ (stealth).
  2005 | D:3      | 2005 ||| Stepping ~*~*~tactically~*~*~ (stealth).
  2040 | D:3      | Reached skill level 5 in Axes
  2306 | D:3      | Found a stormy altar of Qazlal.
  2453 | D:3      | Gained mutation: Your magical nature lets you fly swiftly
                  | and evasively. [Tengu growth]
  2453 | D:3      | Reached XP level 5. HP: 30/30 MP: 9/9
  2540 | D:3      | 2540 ||| UPGRADING to +0 scale mail.
  2550 | D:3      | 2550 ||| DROPPING +0 ring mail.
  2551 | D:3      | 2551 ||| READING scroll labelled UREUGIRATI.
  2552 | D:3      | 2552 ||| READING scroll labelled UQOV NOSMAIGE.
  2553 | D:3      | 2553 ||| DRINKING 3 emerald potions.
  2554 | D:3      | 2554 ||| DRINKING 3 sedimented golden potions.
  2555 | D:3      | 2555 ||| READING 3 scrolls of identify.
  2555 | D:3      | 2555 ||| IDENTIFYING cyan potion
  2556 | D:3      | 2556 ||| READING 2 scrolls of identify.
  2556 | D:3      | 2556 ||| IDENTIFYING fuming ruby potion
  2557 | D:3      | 2557 ||| DROPPING potion of lignification.
  2558 | D:3      | 2558 ||| DROPPING 2 potions of flight.
  2559 | D:3      | 2559 ||| READING 2 scrolls of teleportation.
  2570 | D:4      | 2570 ||| PLANNING SEWER
  2683 | D:4      | 2683 ||| READING scroll of enchant weapon.
  2683 | D:4      | 2683 ||| ENCHANTING +1 hand axe.
  2791 | D:4      | 2791 ||| Stepping ~*~*~tactically~*~*~ (hiding).
  2807 | D:4      | HP: 2/30 [gnoll/+0 flail[a gnoll bouda] (10)]
  2808 | D:4      | 2808 ||| READING scroll of teleportation.
  2809 | D:4      | 2809 ||| DRINKING 2 potions of heal wounds.
  2811 | D:4      | Reached skill level 6 in Axes
  2813 | D:4      | HP: 7/30 [gnoll/+0 spear (7)]
  2814 | D:4      | 2814 ||| DRINKING potion of heal wounds.
  2823 | D:4      | HP: 7/30 [gnoll/+0 spear (1)]
  2828 | D:4      | HP: 4/30 [gnoll/+0 spear (2)]
  3122 | D:4      | Found a runed translucent gate.
  3123 | D:4      | Found a runed translucent gate.
  3124 | D:4      | Found a runed translucent gate.
  3124 | D:4      | Noticed qw's ghost (amateur TeWr)
  3136 | D:4      | 3136 ||| Stepping ~*~*~tactically~*~*~ (stealth).
  3143 | D:4      | Reached XP level 6. HP: 32/35 MP: 10/10
  3170 | D:4      | 3170 ||| DROPPING +0 flail.
  3171 | D:4      | 3171 ||| DROPPING +0 whip.
  3305 | D:4      | 3305 ||| RIP SEWER
  3320 | D:4      | 3320 ||| PLANNING D:1-11
  3399 | D:4      | 3399 ||| Stepping ~*~*~tactically~*~*~ (stealth).
  3551 | D:4      | 3551 ||| Stepping ~*~*~tactically~*~*~ (stealth).
  3695 | D:4      | 3695 ||| UPGRADING to amulet of the acrobat.
  3700 | D:4      | 3700 ||| READING scroll labelled DECEOP POIS.
  3701 | D:4      | 3701 ||| READING scroll labelled CEXUNE TETAARGH.
  3702 | D:4      | 3702 ||| READING 2 scrolls of identify.
  3702 | D:4      | 3702 ||| IDENTIFYING pink potion
  3703 | D:4      | 3703 ||| DROPPING potion of berserk rage.
  3719 | D:5      | Entered Level 5 of the Dungeon
  3720 | D:5      | 3720 ||| STAIRDANCE
  3724 | D:4      | HP: 6/35 [killer bee (3)]
  3724 | D:4      | Slain by a killer bee

Levels and vault maps discovered:
D:1:      co_arrival_square_in_a_square_in_a_square, layout_basic,
          ebering_ecumenical_altar_petrified
D:2:      layout_rooms, grunt_ministairs_7
D:3:      layout_rooms, nicolae_qazlal_eye_of_the_storm
D:4:      layout_loops_ring, cheibrodos_sewer_entry_bend,
          biasface_ghost_orc_armoury, serial_bayou_lagoon_b
D:5:      layout_loops_corners

Skill      XL: |  1  2  3  4  5 |
---------------+----------------+-----
Axes           | 3 4 5 6 |  6.9
Fighting       | |  2.0
Throwing       | |  1.0
Armour         | |  1.1
Dodging        | |  2.1
Spellcasting   | |  2.0
Translocations | |  2.4

Action                   |  1- 3 |  4- 6 || total
-------------------------+-------+-------++-------
Melee: Hand axe          |    69 |    92 ||   161
       Peck              |     8 |    19 ||    27
       Kick              |    14 |    24 ||    38
       Punch             |       |     2 ||     2
Throw: Boomerang         |     7 |       ||     7
       Javelin           |    22 |    34 ||    56
  Use: Scroll            |     8 |    10 ||    18
       Potion            |       |     4 ||     4
Armor: Leather armour    |    17 |       ||    17
       Ring mail         |     5 |    10 ||    15
       Scale mail        |       |    33 ||    33
Dodge: Dodged            |    44 |    45 ||    89

Table legend:
 A = Non-vault XP
 B = Vault XP
 C = Vault XP percentage of total XP
 D = Non-vault monster count
 E = Vault monster count
 F = Vault count percentage of total count
                 A         B        C        D         E       F
            +---------+---------+-------+---------+---------+-------
      Total |     358 |      12 |   3.2 |      79 |       3 |   3.7
            +---------+---------+-------+---------+---------+-------
        D:1 |      39 |       0 |   0.0 |      21 |       0 |   0.0
        D:2 |      31 |       2 |   6.1 |      21 |       1 |   4.5
        D:3 |      93 |       0 |   0.0 |      15 |       0 |   0.0
        D:4 |     195 |      10 |   4.9 |      22 |       2 |   8.3
            +---------+---------+-------+---------+---------+-------
